 Dungeon Crawl Stone Soup version 0.21.1-1-g345015f (webtiles) character file.

23797 Rougoku the Severer (level 12, 29/112 HPs)
             Began as a Minotaur Berserker on May 6, 2018.
             Was a High Priest of Trog.
             Quit the game on level 2 of the Abyss on June 2, 2018.
             The game lasted 01:06:58 (15889 turns).

Rougoku the Severer (Minotaur Berserker)           Turns: 15889, Time: 01:06:59

Health: 29/112     AC: 18    Str: 25 (26) XL:     12   Next: 75%
Magic:  11/11      EV: 13    Int:  5      God:    Trog [*****.]
Gold:   1006       SH:  3    Dex: 16      Spells: 11/11 levels left

rFire    + + .     SeeInvis +   M - +5 hand axe "Ikkufe" {chop, rPois rN+}
rCold    . . .     Gourm    .   t - +0 buckler
rNeg     + . .     Faith    .   a - +1 plate armour of Witim {rF++ Int-3}
rPois    +         Spirit   .   (helmet restricted)
rElec    .         Reflect  .   (no cloak)
rCorr    .         Harm     +   v - +2 pair of gloves of Midsummer {+Blink Int+4 SInv}
MR       .....                  x - +0 pair of boots
Stlth    ..........             u - amulet of harm
HPRegen  0.00/turn              n - +5 ring of strength
MPRegen  0.12/turn              y - +2 ring of slaying

@: non-regenerating, mildly diseased, slowed, very slow
A: retaliatory headbutt, horns 2, thin metallic scales 1, deformed body,
deterioration 1, MP-powered wands
a: Berserk, Trog's Hand, Brothers in Arms, Burn Spellbooks, Renounce Religion,
Evoke Blink


You were on level 2 of the Abyss.
You worshipped Trog.
Trog was extremely pleased with you.
You were not hungry.

You visited 1 branch of the dungeon, and saw 14 of its levels.
You visited the Abyss 1 time.

You collected 1006 gold pieces.

Inventory:

Hand Weapons
 D - a +3 hand axe of venom
 M - the +5 hand axe "Ikkufe" (weapon) {chop, rPois rN+}
   (Trog gifted it to you on level 11 of the Dungeon)

   It inflicts extra damage upon your enemies.
   It protects you from poison.
   It protects you from negative energy.
Armour
 a - the +1 plate armour of Witim (worn) {rF++ Int-3}
   (You acquired it on level 14 of the Dungeon)

   It affects your intelligence (-3).
   It greatly protects you from fire.
 t - a +0 buckler (worn)
 v - the +2 pair of gloves of Midsummer (worn) {+Blink Int+4 SInv}
   (You acquired it on level 13 of the Dungeon)

   It affects your intelligence (+4).
   It lets you see invisible.
   It lets you blink.
 x - a +0 pair of boots (worn)
 L - a +2 chain mail of poison resistance
Jewellery
 g - an uncursed ring of protection from cold
 h - an uncursed ring of resist corrosion
 n - a +5 ring of strength (left hand)
 u - an amulet of harm (around neck)
 y - a +2 ring of slaying (right hand)
 O - an uncursed amulet of magic regeneration
 S - an uncursed ring of protection from magic
Wands
 e - a wand of polymorph (23)
 C - a wand of digging (28)
 E - a wand of random effects (18)
 I - a wand of enslavement (8)
 R - a wand of paralysis (14)
Scrolls
 b - 6 scrolls of remove curse
 f - a scroll of identify
 o - a scroll of enchant weapon
 q - 2 scrolls of blinking
 A - 3 scrolls of enchant armour
 F - 2 scrolls of magic mapping
 Q - a scroll of vulnerability
Potions
 d - 2 potions of ambrosia
 i - 4 potions of mutation
 k - 2 potions of invisibility
 l - 6 potions of curing
 m - a potion of flight
 p - a potion of berserk rage
 r - 4 potions of haste
 z - a potion of lignification
 B - 4 potions of agility
 J - 3 potions of brilliance
 K - a potion of might {unknown}
Comestibles
 c - 20 rations


   Skills:
 + Level 12.2 Fighting
 * Level 15.2 Axes
 + Level 12.0 Armour
 + Level 11.1 Dodging


You had 11 spell levels left.
You didn't know any spells.

Dungeon Overview and Level Annotations

Branches:
Dungeon (14/15)            Temple (0/1) D:4            Lair (0/6) D:10
    Orc (0/2) D:9          Vaults (0/5) D:13

Altars:
Ashenzari
Dithmenos
Fedhas
Hepliaklqana
Kikubaaqudgha
Okawaru
Ru
Trog
Vehumet

Annotations:
D:14 Louise


Innate Abilities, Weirdness & Mutations

You reflexively headbutt those who attack you in melee.
You have a pair of horns on your head.
You are partially covered in thin metallic scales. (AC +2)
Armour fits poorly on your strangely shaped body.
Your body sometimes deteriorates upon taking damage.
You expend magic power (3 MP) to strengthen your wands.


Message History

Welcome back, Rougoku the Minotaur Berserker.
Trog says: Kill them all!
Press ? for a list of commands and other information.
Unknown command.
Unknown command.
Unknown command.
Unknown command.
What are your orders? t - Shout!
Orders for allies: a - Attack new target. r - Retreat! s - Stop attacking. g - Guard the area. f - Follow me.
Anything else - Cancel.
Okay, then.
Unknown command.
Unknown command.
Unknown command.
Unknown command.
Unknown command.
Are you sure you want to abandon this character and quit the game? (Confirm with "yes".)

#. .# .
.###..##
#... ##
.3§#
###..#. .?
##. . .###
..
#..#.#.†.#
. .
#..?#..##
# #
#..@##...
# . #####
5 .# #
....3 # .
. . .. .


You could see a smoke demon (wandering).

Vanquished Creatures
  An eidolon (Abyss:2)
  4 two-headed ogres
  A tengu warrior (D:11)
  The ghost of RudyRod the Carver, a novice FoFi (D:7)
  3 unseen horrors
  A death drake (Abyss:2)
  6 ugly things
  2 deep elf magi
  A cyclops (D:14)
  A manticore (D:11)
  2 gargoyles (D:13)
  A kobold demonologist (D:8)
  A freezing wraith (D:14)
  A hellwing (Abyss:2)
  A tengu conjurer (D:14)
  A troll (D:12)
  8 slime creatures
  A meliai zombie (D:10)
  A yak (shapeshifter) (D:13)
  4 water elementals
  A basilisk (D:11)
  A hungry ghost (D:9)
  3 neqoxecs (Abyss:2)
  A steam dragon (D:8)
  4 vampire mosquitoes (D:14)
  A large abomination (Abyss:2)
  The ghost of raikaria the Cutter, an amateur KoAs (D:3)
  Menkaure (D:6)
  3 black bears
  3 sky beasts
  A hornet zombie (D:14)
  2 phantoms
  4 necrophages
  2 ice beasts
  3 orc warriors
  A sky beast (shapeshifter) (D:13)
  An eye of draining (D:13)
  A black bear (shapeshifter) (D:13)
  6 ogres
  5 centaurs
  A crocodile (D:8)
  7 big kobolds
  5 bullfrogs
  A bullfrog (shapeshifter) (D:13)
  A gnoll sergeant (D:8)
  3 scorpions
  A wyvern skeleton (D:14)
  5 killer bees (D:11)
  10 wights
  2 electric eels
  A howler monkey (D:5)
  2 centaur zombies
  A bullfrog zombie (D:5)
  6 crimson imps
  3 jellies
  A quasit (D:5)
  6 hounds
  7 orc wizards
  4 centaur skeletons
  5 orc priests
  Jessica (D:2)
  3 bullfrog skeletons
  2 iguanas
  10 worker ants
  A killer bee zombie (D:7)
  2 hound zombies
  A hound skeleton (D:6)
  A mummy (D:7)
  A howler monkey zombie (D:5)
  Robin (D:2)
  10 adders
  9 gnolls
  3 shadow imps
  2 oozes
  An adder zombie (D:7)
  An adder skeleton (D:7)
  2 worms
  3 dart slugs (D:1)
  A leopard gecko (D:5)
  24 orcs
  2 ball pythons
  7 bats
  5 giant cockroaches
  16 goblins
  12 hobgoblins
  9 jackals
  27 kobolds
  3 quokkas
  2 frilled lizards
  9 rats
  2 plants
332 creatures vanquished.

Notes
Turn   | Place    | Note
-------+----------+-------------------------------------------
     0 | D:1      | Rougoku the Minotaur Berserker began the quest for the Orb.
     0 | D:1      | Reached XP level 1. HP: 19/19 MP: 0/0
   160 | D:1      | Reached XP level 2. HP: 27/27 MP: 1/1
   564 | D:1      | Reached skill level 4 in Axes
   721 | D:1      | Reached ** piety under Trog
   721 | D:1      | Reached XP level 3. HP: 32/33 MP: 2/2
  1034 | D:2      | Noticed Jessica
  1060 | D:2      | Killed Jessica
  1208 | D:2      | Reached XP level 4. HP: 41/41 MP: 3/3
  1335 | D:2      | Found a sacrificial altar of Ru.
  1370 | D:2      | Noticed Robin
  1380 | D:2      | Killed Robin
  1643 | D:2      | Reached XP level 5. HP: 44/47 MP: 4/4
  1807 | D:3      | Noticed raikaria's ghost (amateur KoAs)
  1814 | D:3      | Killed raikaria's ghost
  1814 | D:3      | Reached skill level 5 in Fighting
  1814 | D:3      | Reached skill level 5 in Axes
  1902 | D:3      | Found a radiant altar of Vehumet.
  1922 | D:3      | Reached XP level 6. HP: 55/56 MP: 5/5
  2253 | D:3      | Found a blossoming altar of Fedhas.
  2255 | D:3      | Found an ancient bone altar of Kikubaaqudgha.
  2256 | D:3      | Reached *** piety under Trog
  2466 | D:3      | Found a shattered altar of Ashenzari.
  2838 | D:4      | Found the +0 sword of Power
  3173 | D:4      | Reached skill level 5 in Armour
  3173 | D:4      | Reached XP level 7. HP: 62/62 MP: 6/6
  3416 | D:4      | Found a hazy altar of Hepliaklqana.
  3416 | D:4      | Found a shadowy altar of Dithmenos.
  3523 | D:4      | Found a staircase to the Ecumenical Temple.
  3815 | D:5      | Entered Level 5 of the Dungeon
  4123 | D:5      | Reached skill level 6 in Axes
  4123 | D:5      | Reached skill level 5 in Dodging
  5110 | D:6      | Reached XP level 8. HP: 56/71 MP: 7/7
  5224 | D:6      | Noticed Menkaure
  5229 | D:6      | Killed Menkaure
  5314 | D:6      | Reached skill level 7 in Axes
  5451 | D:6      | Found the +2 Maxwell's thermic engine {flame, freeze, rF- rC-}
  5552 | D:6      | Found an iron altar of Okawaru.
  5553 | D:6      | Found a bloodstained altar of Trog.
  5854 | D:7      | Reached **** piety under Trog
  6054 | D:7      | Reached skill level 8 in Axes
  6282 | D:7      | Noticed RudyRod's ghost (novice FoFi)
  6294 | D:7      | Killed RudyRod's ghost
  6294 | D:7      | Reached XP level 9. HP: 81/81 MP: 8/8
  6344 | D:7      | Reached skill level 9 in Axes
  7615 | D:8      | Reached skill level 10 in Axes
  7791 | D:8      | Noticed a kobold demonologist
  7805 | D:8      | Noticed an orange demon
  7816 | D:8      | Killed a kobold demonologist
  7816 | D:8      | Reached XP level 10. HP: 91/91 MP: 9/9
  9169 | D:9      | Reached ***** piety under Trog
  9169 | D:9      | Reached skill level 11 in Axes
  9756 | D:9      | Found a staircase to the Orcish Mines.
  9952 | D:10     | Entered Level 10 of the Dungeon
 10188 | D:10     | Noticed a two-headed ogre
 10202 | D:10     | Killed a two-headed ogre
 10361 | D:10     | Found a staircase to the Lair.
 10639 | D:10     | Reached skill level 10 in Fighting
 10884 | D:11     | Reached skill level 12 in Axes
 10992 | D:11     | Noticed a two-headed ogre
 11077 | D:11     | Killed a two-headed ogre
 11077 | D:11     | Reached XP level 11. HP: 100/100 MP: 10/10
 11170 | D:11     | Noticed a red ugly thing
 11178 | D:11     | Killed a red ugly thing
 11423 | D:11     | Reached skill level 10 in Armour
 11477 | D:11     | Noticed a two-headed ogre
 11482 | D:11     | Killed a two-headed ogre
 11597 | D:11     | Noticed a tengu warrior
 11603 | D:11     | Killed a tengu warrior
 11691 | D:11     | Reached skill level 13 in Axes
 11692 | D:11     | Received a gift from Trog
 11770 | D:11     | Got a brightly glowing hand axe {god gift}
 11771 | D:11     | Identified the +5 hand axe "Ikkufe" {chop, rPois rN+} (Trog gifted it to you on level 11 of the Dungeon)
 11880 | D:11     | Killed an unseen horror
 13725 | D:13     | Noticed a deep elf mage
 13730 | D:13     | Killed a deep elf mage
 13888 | D:13     | Reached skill level 10 in Dodging
 14045 | D:13     | Noticed a cyan ugly thing
 14053 | D:13     | Killed a cyan ugly thing
 14114 | D:13     | Found a gate to the Vaults.
 14259 | D:13     | Identified a scroll of acquirement
 14261 | D:13     | Got a pair of distressingly furry gloves
 14272 | D:13     | Identified the +2 pair of gloves of Midsummer {+Blink Int+4 SInv} (You acquired it on level 13 of the Dungeon)
 14343 | D:13     | Noticed an unseen horror
 14346 | D:13     | Killed an unseen horror
 14754 | D:14     | Noticed a deep elf mage
 14759 | D:14     | Killed a deep elf mage
 14759 | D:14     | Reached skill level 14 in Axes
 14759 | D:14     | Reached XP level 12. HP: 110/110 MP: 11/11
 15351 | D:14     | Noticed a two-headed ogre
 15382 | D:14     | Killed a two-headed ogre
 15605 | D:14     | Got a crude plate armour
 15616 | D:14     | Identified the +1 plate armour of Witim {rF++ Int-3} (You acquired it on level 14 of the Dungeon)
 15622 | D:14     | Reached skill level 15 in Axes
 15660 | D:14     | Noticed Louise
 15660 | D:14     | Noticed a two-headed ogre
 15664 | D:14     | Cast into level 2 of the Abyss (Louise)
 15664 | Abyss:2  | Found a corrupted altar of Lugonu.
 15735 | Abyss:2  | Noticed a revenant
 15755 | Abyss:2  | Gained mutation: You are partially covered in thin metallic scales. (AC +2) [a neqoxec]
 15759 | Abyss:2  | Gained mutation: Armour fits poorly on your strangely shaped body. [a neqoxec]
 15834 | Abyss:2  | Noticed an eidolon
 15850 | Abyss:2  | Gained mutation: You expend magic power (3 MP) to strengthen your wands. [a neqoxec]
 15851 | Abyss:2  | Gained mutation: Your body sometimes deteriorates upon taking damage. [a neqoxec]
 15857 | Abyss:2  | Killed an eidolon
 15889 | Abyss:2  | Quit the game

Skill      XL: |  1  2  3  4  5  6  7  8  9 10 11 12 |
---------------+-------------------------------------+-----
Fighting       | 4 5 6 8 9 10 11 12 | 12.2
Axes           | 4 5 6 8 10 12 14 15 | 15.2
Armour         | 3 4 5 6 7 8 9 11 12 | 12.0
Dodging        | 3 4 5 7 9 10 11 | 11.1

Action                   |  1- 3 |  4- 6 |  7- 9 | 10-12 || total
-------------------------+-------+-------+-------+-------++-------
Melee: Hand axe          |    73 |   107 |   232 |   259 ||   671
       Headbutt          |     9 |    18 |    47 |   105 ||   179
       Battleaxe         |       |       |       |   124 ||   124
Throw: Throwing net      |       |       |     7 |       ||     7
Invok: Berserk           |     2 |     4 |     7 |    14 ||    27
       Trog's Hand       |       |       |     1 |     1 ||     2
       Burn Spellbooks   |       |       |     1 |     2 ||     3
 Abil: Evoke Blink       |       |       |       |     1 ||     1
Evoke: Wand              |       |       |     4 |    15 ||    19
  Use: Scroll            |     1 |     1 |    12 |    13 ||    27
       Potion            |       |       |       |     6 ||     6
 Stab: Held in net/web   |       |       |     2 |       ||     2
       Paralysed         |       |       |       |     2 ||     2
       Confused          |       |       |       |     1 ||     1
  Eat: Chunk             |     2 |    10 |    11 |    19 ||    42
       Ration            |       |       |     3 |     7 ||    10
Armor: Animal skin       |     2 |       |       |       ||     2
       Ring mail         |    16 |    23 |       |       ||    39
       Scale mail        |       |    10 |    21 |       ||    31
       Chain mail        |       |       |    73 |   147 ||   220
       Plate armour      |       |       |       |     9 ||     9
Dodge: Dodged            |    53 |    59 |   127 |   173 ||   412
Block: Buckler           |       |       |    11 |    21 ||    32
